 Dungeon Crawl Stone Soup version 0.18.1-6-gd335043 (webtiles) character file.

1567 NINUZHNO the Cruncher (level 8, 58/58 HPs)
             Began as a Mummy Fighter on May 17, 2016.
             Was an Initiate of Cheibriados.
             Quit the game on level 5 of the Dungeon.
             The game lasted 00:14:18 (4413 turns).

NINUZHNO the Cruncher (Mummy Fighter)               Turns: 4413, Time: 00:14:18

Health: 58/58      AC: 14    Str: 20    XL:     8   Next: 59%
Magic:  8/8        EV:  8    Int: 11    God:    Cheibriados [......]
Gold:   282        SH:  0    Dex: 12    Spells: 0 memorised, 7 levels left

rFire  x . .     SeeInvis .     a - +0 long sword
rCold  + . .     Gourm    .     c - +0 plate armour
rNeg   + + +     Faith    .     (no shield)
rPois  ∞         Spirit   .     (no helmet)
rElec  .         Dismiss  .     t - +0 cloak
rCorr  .         Reflect  .     f - +0 pair of gloves
SustAt +         Harm     .     s - +0 pair of boots
MR     +....                    (no amulet)
Stlth  ..........               x - ring of sustain attributes
                                i - +3 ring of evasion

@: very slow, somewhat resistant to hostile enchantments, extremely unstealthy
A: no food or potions, fire vulnerability, cold resistance 1, negative energy
resistance 3, torment resistance, unbreathing
a: Bend Time, Renounce Religion


You were on level 5 of the Dungeon.
You worshipped Cheibriados.
Cheibriados was noncommittal.
You were not hungry.

You visited 1 branch of the dungeon, and saw 5 of its levels.

You collected 282 gold pieces.

Inventory:

Hand Weapons
 a - a +0 long sword (weapon)
 b - a +4 quarterstaff of chaos
Missiles
 k - 2 throwing nets (quivered)
Armour
 c - a +0 plate armour (worn)
 f - a +0 pair of gloves (worn)
 j - a +0 buckler
 s - a +0 pair of boots (worn)
 t - a +0 cloak (worn)
Jewellery
 i - a +3 ring of evasion (left hand)
 x - a ring of sustain attributes (right hand)
Scrolls
 d - 3 scrolls of immolation
 e - 2 scrolls of noise
 g - a scroll of amnesia
 h - a scroll of fog
 l - 2 scrolls of enchant armour
 n - 3 scrolls of remove curse
 p - a scroll of blinking {unknown}
 q - 2 scrolls of teleportation {unknown}
 r - a scroll of random uselessness {unknown}
 v - a scroll of magic mapping {unknown}


   Skills:
 - Level 3.0 Fighting
 * Level 3.4 Long Blades
 - Level 8.1 Staves
 - Level 2.4 Armour
 - Level 3.3 Shields


You had 7 spell levels left.
You didn't know any spells.

Dungeon Overview and Level Annotations

Branches:
Dungeon (5/15)
 Temple: D:4-7

Altars:
Cheibriados
Elyvilon
Gozag
Pakellas
Trog


Innate Abilities, Weirdness & Mutations

You do not eat or drink.
Your flesh is vulnerable to fire.
You are immune to poison.
Your flesh is cold resistant.
You are immune to negative energy.
You are immune to unholy pain and torment.
You can survive without breathing.


Message History

You can now bend time to slow others.
Wield which item (- for none, * to show all)? (? for menu, Esc to quit)
a - a +0 long sword (weapon)
Unknown command.
Are you sure you want to abandon this character and quit the game? (Confirm with "yes".)
Okay, then.
Unknown command.
Unknown command.
Unknown command.
Unknown command.
Unknown command.
Unknown command.
Unknown command.
Unknown command.
Unknown command.
Unknown command.
Unknown command.
Unknown command.
Unknown command.
Are you sure you want to abandon this character and quit the game? (Confirm with "yes".)

..#.##>#.###.#
#.#.##.#.....#
#.#.##.#######
....##.#######
.......#.....#
....####.###.# ###
.....#...!.#.###8###
.....#.##..#.#._._.#
......o.#..#.##.@.##
#.#.###......##≈†≈#
.........oo.<###'##
.......#####.#...#
............<#..##
...............##
....############
...[.# .....#


There were no monsters in sight!

Vanquished Creatures
  Pikel (D:5)
  Duvessa (D:4)
  2 ogres
  A phantom (D:5)
  Blork the orc (D:4)
  Dowan (D:4)
  A giant frog zombie (D:3)
  A giant frog skeleton (D:3)
  2 orc priests
  Crazy Yiuf (D:2)
  A centaur skeleton (D:5)
  A hound (D:4)
  5 orc wizards
  An iguana (D:4)
  A hound zombie (D:5)
  7 adders
  A shadow imp (D:5)
  2 adder zombies
  2 adder skeletons
  12 dart slugs
  2 giant geckos
  21 orcs
  10 bats
  A bat skeleton (D:2)
  A bat zombie (D:2)
  6 giant cockroaches
  13 goblins
  4 hobgoblins
  16 jackals
  11 kobolds
  A quokka (D:3)
  A ball python skeleton (D:2)
  A giant gecko skeleton (D:2)
  9 giant newts
  A jackal zombie (D:2)
  3 quokka skeletons
  8 rats
154 creatures vanquished.

Vanquished Creatures (others)
  A worm (D:5)
  An orc (D:5)
2 creatures vanquished.

Grand Total: 156 creatures vanquished

Notes
Turn   | Place    | Note
--------------------------------------------------------------
     0 | D:1      | NINUZHNO the Mummy Fighter began the quest for the Orb.
     0 | D:1      | Reached XP level 1. HP: 18/18 MP: 1/1
   370 | D:1      | Reached XP level 2. HP: 24/24 MP: 2/2
  1005 | D:1      | Reached XP level 3. HP: 29/29 MP: 3/3
  1259 | D:2      | Found an oddly glowing altar of Pakellas.
  1429 | D:2      | Reached XP level 4. HP: 27/35 MP: 4/4
  1878 | D:2      | Noticed Crazy Yiuf
  1889 | D:2      | Killed Crazy Yiuf
  2086 | D:3      | Reached XP level 5. HP: 41/41 MP: 5/5
  2117 | D:3      | Reached skill level 1 in Staves
  2157 | D:3      | Reached skill level 2 in Staves
  2287 | D:3      | Found a white marble altar of Elyvilon.
  2476 | D:3      | Reached XP level 6. HP: 47/47 MP: 6/6
  2531 | D:3      | Reached skill level 3 in Staves
  2824 | D:4      | Noticed Blork the orc
  2834 | D:4      | Killed Blork the orc
  2928 | D:4      | Noticed Dowan
  2946 | D:4      | Killed Dowan
  2946 | D:4      | Reached skill level 4 in Staves
  2986 | D:4      | Noticed Duvessa
  3011 | D:4      | Killed Duvessa
  3011 | D:4      | Reached XP level 7. HP: 23/52 MP: 7/7
  3450 | D:4      | Reached skill level 5 in Staves
  3676 | D:4      | Found a bloodstained altar of Trog.
  3858 | D:5      | Entered Level 5 of the Dungeon
  3974 | D:5      | Reached skill level 6 in Staves
  3990 | D:5      | Noticed Pikel
  4023 | D:5      | Killed Pikel
  4023 | D:5      | Reached skill level 7 in Staves
  4023 | D:5      | Reached XP level 8. HP: 50/58 MP: 8/8
  4255 | D:5      | Reached skill level 8 in Staves
  4400 | D:5      | Found an opulent altar of Gozag.
  4401 | D:5      | Found a snail-covered altar of Cheibriados.
  4410 | D:5      | Became a worshipper of Cheibriados the Contemplative
  4413 | D:5      | Quit the game

Skill      XL: |  1  2  3  4  5  6  7  8 |
---------------+-------------------------+-----
Long Blades    | 2 3 |  3.4
Shields        | 3 |  3.3
Staves         | 2 4 7 8 |  8.1
Fighting       | |  3.0
Armour         | |  2.4

Action                   |  1- 3 |  4- 6 |  7- 9 || total
-------------------------+-------+-------+-------++-------
Melee: Long sword        |   137 |    93 |       ||   230
       Quarterstaff      |       |   138 |   141 ||   279
Evoke: Wand              |       |     2 |       ||     2
  Use: Scroll            |       |     7 |       ||     7
 Stab: Paralysed         |       |     2 |       ||     2
Armor: Scale mail        |    43 |       |       ||    43
       Chain mail        |    27 |   144 |     6 ||   177
       Plate armour      |       |       |    54 ||    54
Dodge: Dodged            |    70 |   102 |    47 ||   219
Block: Shield            |    95 |    67 |       ||   162
